 Dungeon Crawl Stone Soup version 0.31-a0-232-gb1c03b2570 (webtiles) character file.

Game seed: 7875289944254760608

38 qw the Shooter (level 3, 0/21 HPs)
             Began as a Gargoyle Hexslinger on July 7, 2023.
             Slain by an orc
             ... wielding a +4 hand axe
              (2 damage)
             ... on level 3 of the Dungeon.
             The game lasted 00:00:35 (1631 turns).

qw the Shooter (Gargoyle Hexslinger)                Turns: 1631, Time: 00:00:36

Health: 0/21       AC:  8    Str: 11    XL:     3   Next: 43%
Magic:  4/4        EV: 11    Int: 13    God:
Gold:   104        SH:  0    Dex: 14    Spells: 3/4 levels left

rFire   . . .        Y - +1 sling
rCold   . . .        (no shield)
rNeg    + . .        h - +0 leather armour
rPois   inf          (no helmet)
rElec   +            (no cloak)
rCorr   .            a - +1 pair of gloves
SInv    .            (no boots)
Will    .....        (no amulet)
Stlth   +            (no ring)
HPRegen 0.23/turn    (no ring)
MPRegen 0.09/turn

%: no passive effects
@: about to teleport
A: sickness immunity, AC +3, negative energy resistance 1, electricity
resistance, torment resistance 1, petrification resistance
a: no special abilities


You were on level 3 of the Dungeon.
You visited 1 branch of the dungeon, and saw 3 of its levels.

You collected 104 gold pieces.


Innate Abilities, Weirdness & Mutations

You are immune to sickness and miasma.
Your stone body is resilient. (AC +3)
You are immune to poison.
You resist negative energy. (rN+)
You are resistant to electric shocks. (rElec)
You are resistant to unholy torment.
You are immune to petrification.


   Skills:
 - Level 2.0 Fighting
 + Level 3.4 Ranged Weapons
 - Level 1.5 Dodging
 - Level 1.0 Spellcasting
 - Level 2.6 Hexes


You had 3 spell levels left.
You knew the following spells:

 Your Spells              Type           Power      Damage    Failure   Level
a - Slow                  Hex            28%        N/A       12%         1

Your spell library contained the following spells:

 Spells                   Type           Power      Damage    Failure   Level
 Inner Flame              Hex/Fire       4%         N/A       54%         3
 Portal Projectile        Hex/Tloc       8%         N/A       54%         3
 Cause Fear               Hex            3%         N/A       77%         4

Inventory:

Hand Weapons
 Y - a +1 sling (weapon)
Armour
 a - a +1 pair of gloves (worn)
 h - a +0 leather armour (worn)
Scrolls
 c - a scroll of identify
Potions
 b - a potion of resistance {unknown}
 e - a potion of curing {unknown}
 f - a potion of mutation {unknown}

Dungeon Overview and Level Annotations

Branches:
Dungeon (3/15)

Altars:


Message History

The sling bullet hits the orc.
You kill the orc!
An orc comes into view. It is wielding a +0 dagger.
You shoot a sling bullet.
The sling bullet closely misses the orc.
The orc closely misses you.
You shoot a sling bullet.
The sling bullet closely misses the orc.
The orc hits you with a +4 hand axe!
You shoot a sling bullet.
The sling bullet hits the orc but does no damage.
Something hits you but does no damage.
An orc comes into view. It is wielding a +0 club.
The orc hits you with a +4 hand axe.
You shoot a sling bullet.
The sling bullet closely misses the orc.
The orc shouts!
Something hits you but does no damage. The orc closely misses you.
The orc hits you from afar with a +0 trident.
You shoot a sling bullet.
The sling bullet closely misses the orc.
Something hits you but does no damage. The orc hits you with a +4 hand axe.
The orc hits you but does no damage.
You shoot a sling bullet.
The sling bullet hits the orc but does no damage.
Something hits you but does no damage. The orc closely misses you.
An orc comes into view. It is wielding a +0 dagger.
The orc misses you. Something hits you. The orc misses you.
The orc barely misses you.
You shoot a sling bullet.
The sling bullet closely misses the orc.
Something hits you but does no damage. The orc closely misses you.
The orc hits you from afar with a +0 trident.
1631 ||| READING scroll of teleportation.
As you read the scroll of teleportation, it crumbles to dust.
You feel strangely unstable.
You hear some strange, mumbled words.
Something tries to affect you, but you resist.
The orc hits you with a +4 hand axe.
You die...

#.................
...............>##
#.#.#...##########
#.#...............
####.##.##...........
#....................
#.##...###.##########
##.#.# #.# #o@#.# #.#
#{##.# #+# #o #.. #o
### #o #o .o ..


You could see 6 orcs.

Vanquished Creatures
  An orc (D:3)
  3 endoplasms
  2 giant cockroaches (D:2)
  3 goblins (D:1)
  4 hobgoblins
  2 jackals (D:2)
  A quokka (D:1)
  5 ball pythons
  5 bats
  A frilled lizard (D:2)
  4 kobolds
  4 rats
35 creatures vanquished.

Notes
Turn   | Place    | Note
-------+----------+-------------------------------------------
     0 | D:1      | qw the Gargoyle Hexslinger began the quest for the Orb.
     0 | D:1      | Reached XP level 1. HP: 12/12 MP: 2/2
     0 | D:1      | 0 ||| qw: Version: 0.3-a-46-gb1f654a
     0 | D:1      | 0 ||| qw: Game counter: 2682
     0 | D:1      | 0 ||| qw: Melee chars always use a shield: true
     0 | D:1      | 0 ||| qw: God list: Okawaru
     0 | D:1      | 0 ||| qw: Allow faded altars: false
     0 | D:1      | 0 ||| qw: Do Orc after clearing Dungeon:15 true
     0 | D:1      | 0 ||| qw: Do second Lair branch before Depths: true
     0 | D:1      | 0 ||| qw: Lair rune preference: random
     0 | D:1      | 0 ||| qw: Goals: Normal
     0 | D:1      | 0 ||| PLANNING D:1-11
   160 | D:1      | Reached XP level 2. HP: 16/16 MP: 3/3
   476 | D:1      | Reached skill level 3 in Ranged Weapons
   708 | D:1      | 708 ||| UPGRADING to +0 leather armour.
   718 | D:1      | 718 ||| DROPPING +0 robe.
   719 | D:1      | 719 ||| READING scroll labelled HOTWAR HASOF.
   720 | D:1      | 720 ||| READING scroll labelled YVIAME AHECOCEG.
   721 | D:1      | 721 ||| READING scroll labelled FUHAHIUWORA.
   733 | D:1      | 733 ||| READING scroll labelled ERANOSSECRO.
   737 | D:1      | 737 ||| DROPPING scroll of poison.
   997 | D:2      | Reached XP level 3. HP: 20/21 MP: 4/4
  1461 | D:2      | 1461 ||| UPGRADING to +1 pair of gloves.
  1466 | D:2      | 1466 ||| READING scroll labelled QEABLO SUCOCOI.
  1467 | D:2      | 1467 ||| READING 2 scrolls labelled QEEMEG GUDIEW.
  1630 | D:3      | HP: 2/21 [orc/+0 trident (6)]
  1631 | D:3      | 1631 ||| READING scroll of teleportation.
  1631 | D:3      | Slain by an orc

Levels and vault maps discovered:
D:1:      dpeg_arrival_lava_temple_mockup, layout_basic
D:2:      layout_basic
D:3:      layout_basic, nicolae_wu_jian_wuxing_cycle,
          mainiacjoe_overflow_surrounded_room

Skill      XL: |  1  2 |
---------------+-------+-----
Ranged Weapons | 3 |  3.4
Fighting       | 2 |  2.0
Dodging        | |  1.5
Spellcasting   | |  1.0
Hexes          | |  2.6

Action                     || total
---------------------------++-------
   Fire: Sling             ||   120
    Use: Scroll            ||     7
 Armour: Robe              ||    11
         Leather armour    ||    19
  Dodge: Dodged            ||    44

Table legend:
 A = Non-vault XP
 B = Vault XP
 C = Vault XP percentage of total XP
 D = Non-vault monster count
 E = Vault monster count
 F = Vault count percentage of total count
                 A         B        C        D         E       F
            +---------+---------+-------+---------+---------+-------
      Total |      55 |       0 |   0.0 |      35 |       0 |   0.0
            +---------+---------+-------+---------+---------+-------
        D:1 |      19 |       0 |   0.0 |      13 |       0 |   0.0
        D:2 |      33 |       0 |   0.0 |      21 |       0 |   0.0
        D:3 |       3 |       0 |   0.0 |       1 |       0 |   0.0
            +---------+---------+-------+---------+---------+-------
